 Dungeon Crawl Stone Soup version 0.28-a0-925-gd5e1996cdb (webtiles) character file.

Game seed: 4509024585746557999

13474 BinkBink the Cleaver (level 11, -1/100 HPs)
             Began as a Deep Dwarf Berserker on Nov 26, 2021.
             Was a Follower of Trog.
             Slain by a wolf spider (8 damage)
             ... on level 12 of the Dungeon.
             The game lasted 00:43:46 (9195 turns).

BinkBink the Cleaver (Deep Dwarf Berserker)         Turns: 9195, Time: 00:43:46

Health: -1/100     AC: 21    Str: 23    XL:     11   Next: 76%
Magic:  0/0        EV:  9    Int: 13    God:    Trog [*.....]
Gold:   625        SH: 11    Dex: 13    Spells: 10/10 levels left

rFire   . . .      SeeInvis .   B - +5 broad axe "Vaij Fedgh" {antimagic, Int+7}
rCold   . . .      Faith    .   t - +0 buckler
rNeg    . . .      Spirit   .   A - +0 plate armour
rPois   +          Reflect  +   v - +2 helmet
rElec   .          Harm     .   o - +0 cloak
rCorr   .          Rampage  .   (no gloves)
Will    +....                   w - +0 pair of boots
Stlth   ..........              n - amulet of reflection
HPRegen 0.00/turn               J - +4 ring of slaying
MPRegen 0.07/turn               K - ring of poison resistance

@: on berserk cooldown
A: damage resistance, heal wounds, sense surroundings 2, no regeneration, dopey
1, passive freeze, sturdy frame 1
a: Heal Wounds, Renounce Religion, Berserk


You were on level 12 of the Dungeon.
You worshipped Trog.
Trog was aware of your devotion.
You visited 1 branch of the dungeon, and saw 12 of its levels.

You collected 913 gold pieces.
You spent 288 gold pieces at shops.

Inventory:

Hand Weapons
 l - a +0 war axe
 B - the +5 broad axe "Vaij Fedgh" (weapon) {antimagic, Int+7}
   (You bought it in a shop on level 11 of the Dungeon)

   It reduces the magical energy of the wielder, and disrupts the spells and
   magical abilities of those it strikes.
   Natural abilities and divine invocations are not affected.
   Int:       It affects your intelligence (+7).
Armour
 e - a +0 tower shield
 o - a +0 cloak (worn)
 t - a +0 buckler (worn)
 v - a +2 helmet (worn)
 w - a +0 pair of boots (worn)
 A - a +0 plate armour (worn)
 I - a +0 troll leather armour
Jewellery
 d - a ring of positive energy
 g - a ring of magical power
 n - an amulet of reflection (around neck)
 u - an amulet of magic regeneration
 H - a ring of protection from cold
 J - a +4 ring of slaying (left hand)
 K - a ring of poison resistance (right hand)
 L - the ring "Fichafep" {rF+ MP+9 Slay-6 SInv}
   (You found it on level 11 of the Dungeon)

   [ring of magical power]

   Slay:      It affects your accuracy & damage with ranged weapons and melee
   (-6).
   rF:        It protects you from fire.
   MP:        It affects your magic capacity (+9).
   SInv:      It lets you see invisible.
 M - a ring of protection from cold
Wands
 b - a wand of flame (33)
 F - a wand of iceblast (14)
 N - a wand of paralysis (8)
Scrolls
 a - a scroll of holy word
 f - 3 scrolls of enchant armour
 i - a scroll of vulnerability {unknown}
 j - 3 scrolls of noise
 k - a scroll of blinking
 m - a scroll of summoning {unknown}
 p - 6 scrolls of teleportation
 q - a scroll of magic mapping
 r - a scroll of silence
 s - 3 scrolls of fog {unknown}
 y - 5 scrolls of identify
 C - 3 scrolls of amnesia {unknown}
 G - 2 scrolls of enchant weapon {unknown}
Potions
 c - a potion of degeneration
 x - 3 potions of flight
 z - 2 potions of resistance
 D - a potion of lignification
 E - 2 potions of haste
 O - 2 potions of magic {unknown}


   Skills:
 + Level 7.4 Fighting
 + Level 13.0 Axes
 + Level 10.4 Armour
 - Level 3.5 Dodging
 + Level 1.9 Stealth
 * Level 10.0 Shields
 + Level 0.2 Evocations


You had 10 spell levels left.
You didn't know any spells.
Your spell library was empty.

Dungeon Overview and Level Annotations

Branches:
Dungeon (12/15)            Temple (0/1) D:7            Lair (0/6) D:9
    Orc: D:9-12

Altars:
Ashenzari
Cheibriados
Elyvilon
Fedhas
Kikubaaqudgha
Makhleb
Okawaru
Qazlal
Sif Muna
Vehumet
Wu Jian
Zin
The Shining One

Shops:
D:10 [   D:11 (

Annotations:
D:5 2 transporters, paps's ghost, weakling OpDe


Innate Abilities, Weirdness & Mutations

You are resistant to damage.
You can heal yourself by infusing magical energy.
You passively map the area around you.
You do not regenerate.
You are dopey. (Int -2)
A frigid envelope surrounds you and freezes all who hurt you.
Your movements are slightly less encumbered by armour. (ER -2)


Message History

Your Axes skill increases to level 13!
Your Shields skill increases to level 10!
Okay, then.
Unknown command.
Things that are here:
6 large rocks; a cyclops corpse
There is an escape hatch in the ceiling here.
You feel yourself speed up.
A wolf spider comes into view.
The wolf spider hisses angrily.
You closely miss the wolf spider. The wolf spider barely misses you.
The wolf spider bites you.
* * * LOW HITPOINT WARNING * * *
The wolf spider is very cold.
The wolf spider is lightly wounded.
You barely miss the wolf spider.
The wolf spider is lightly wounded.
The wolf spider closely misses you.
The wolf spider bites you but does no damage.
The wolf spider is very cold.
The wolf spider is moderately wounded.
The wolf spider barely misses you. You block the wolf spider's attack.
Okay, then.
You barely miss the wolf spider.
The wolf spider is moderately wounded.
The wolf spider completely misses you. You block the wolf spider's attack.
You slice the wolf spider!!
The wolf spider is severely wounded.
You block the wolf spider's attack.
The wolf spider bites you but does no damage.
The wolf spider is very cold.
The wolf spider is severely wounded.
The wolf spider hits you but does no damage.
The wolf spider is very cold.
The wolf spider is severely wounded.
You block the wolf spider's attack.
You completely miss the wolf spider.
The wolf spider is severely wounded.
The wolf spider hits you!
You die...

#>....(......###.# ,
#....##...##.....#* , ,
#....##.#.##.##### , ,,
#....##.#.†#.# ,
#.....#.#<..<#### * , , ,
,* ..###?#.#(......# * ,
..# #.#.#)..###.# ,, , ..#
#.#....)..#.##### , ,,
..###.#...#...[.@s..#, , ,
, ,
#.......?............... ,
,
#####.#<................,**
, ,
..............#......... *
, ........$.....######....
..........)#..# .... ,
...........#...# .## *
...........# #.# #
......:....#.# * *


You could see a wolf spider.

Vanquished Creatures
  Harold (D:7)
  A hydra (D:11)
  A two-headed ogre (D:11)
  Nergalle (D:10)
  Pikel (D:4)
  4 cyclopes (D:12)
  An ugly thing (D:11)
  3 centaur zombies
  Psyche (D:10)
  2 unseen horrors (D:12)
  2 trolls
  Sigmund (D:4)
  A shadow (D:9)
  4 yaks (D:5)
  A wraith (D:11)
  A vampire (D:11)
  Grum (D:11)
  A steam dragon (D:9)
  4 vampire mosquitoes (D:12)
  3 water moccasins
  Duvessa (D:4)
  An ice beast (D:5)
  3 sky beasts
  A necrophage (D:5)
  9 orc warriors
  2 ogres
  2 wolves (D:11)
  4 centaurs
  3 lemures (D:4)
  A wyvern zombie (D:8)
  2 scorpions
  A water moccasin zombie (D:6)
  Dowan (D:4)
  3 water moccasin skeletons
  11 killer bees (D:9)
  3 wights (D:9)
  3 howler monkeys
  4 electric eels (D:7)
  6 orc priests
  A bullfrog skeleton (D:6)
  5 hounds
  2 bullfrog zombies
  2 jellies
  5 iguanas
  Natasha (D:2)
  14 orc wizards
  A killer bee zombie (D:7)
  3 hound skeletons
  A howler monkey zombie (D:7)
  Robin (D:4)
  8 adders
  2 ufetubi (D:4)
  2 dart slugs
  42 orcs
  6 ball pythons
  10 endoplasms
  4 giant cockroaches
  16 goblins
  7 hobgoblins
  3 quokkas
  4 bats
  2 frilled lizards (D:2)
  3 kobolds
  4 rats
245 creatures vanquished.

Vanquished Creatures (others)
  An orc (D:10)
  12 plants
13 creatures vanquished.

Grand Total: 258 creatures vanquished

Notes
Turn   | Place    | Note
-------+----------+-------------------------------------------
     0 | D:1      | BinkBink the Deep Dwarf Berserker began the quest for the
                  | Orb.
     0 | D:1      | Reached XP level 1. HP: 20/20 MP: 1/1
    68 | D:1      | Reached XP level 2. HP: 27/27 MP: 2/2
   223 | D:1      | Found a faded altar of an unknown god.
   618 | D:2      | Reached XP level 3. HP: 25/34 MP: 3/3
   638 | D:2      | Reached skill level 4 in Axes
   820 | D:2      | Reached ** piety under Trog
  1036 | D:2      | Noticed Natasha
  1048 | D:2      | Killed Natasha
  1049 | D:2      | Reached XP level 4. HP: 28/42 MP: 4/4
  1506 | D:3      | Reached skill level 5 in Axes
  1799 | D:3      | Reached XP level 5. HP: 28/49 MP: 5/5
  1828 | D:4      | Noticed Sigmund
  1844 | D:4      | Killed Sigmund
  1845 | D:4      | Reached skill level 6 in Axes
  1845 | D:4      | Reached XP level 6. HP: 57/57 MP: 6/6
  1999 | D:4      | Noticed Robin
  2017 | D:4      | Killed Robin
  2106 | D:4      | HP: 2/57 [orc priest/divine providence (14)]
  2119 | D:4      | Reached XP level 7. HP: 11/64 MP: 7/7
  2199 | D:4      | Noticed Duvessa
  2202 | D:4      | Reached skill level 7 in Axes
  2228 | D:4      | Killed Duvessa
  2253 | D:4      | Found a shimmering blue altar of Sif Muna.
  2316 | D:4      | Noticed Pikel
  2515 | D:4      | Noticed Dowan
  2543 | D:4      | Killed Dowan
  2593 | D:4      | Killed Pikel
  2594 | D:4      | Reached skill level 8 in Axes
  2594 | D:4      | Reached skill level 5 in Armour
  2594 | D:4      | Reached XP level 8. HP: 10/73 MP: 8/8
  2604 | D:4      | Found a white marble altar of Elyvilon.
  2708 | D:5      | Entered Level 5 of the Dungeon
  2864 | D:5      | Reached skill level 5 in Fighting
  2972 | D:5      | Found a transporter.
  2972 | D:5      | Found a transporter.
  3031 | D:5      | Reached skill level 9 in Axes
  3031 | D:5      | Reached skill level 1 in Shields
  3039 | D:5      | Gained mutation: You passively map the area around you.
                  | [Deep Dwarf growth]
  3039 | D:5      | Reached XP level 9. HP: 27/81 MP: 8/8
  3459 | D:5      | Noticed paps's ghost (weakling OpDe)
  3714 | D:5      | Reached skill level 1 in Stealth
  3778 | D:5      | Reached skill level 10 in Axes
  4244 | D:6      | Reached skill level 5 in Shields
  4479 | D:6      | Found a glowing golden altar of the Shining One.
  4585 | D:7      | Found an ornate altar of the Wu Jian Council.
  4830 | D:7      | Found a snail-covered altar of Cheibriados.
  4831 | D:7      | Found a broken altar of Ashenzari.
  4836 | D:7      | Found an ancient bone altar of Kikubaaqudgha.
  4836 | D:7      | Found a blossoming altar of Fedhas.
  4842 | D:7      | Found a stormy altar of Qazlal.
  5091 | D:7      | Noticed a troll
  5119 | D:7      | Killed a troll
  5120 | D:7      | Reached XP level 10. HP: 57/91 MP: 7/7
  5223 | D:7      | Found a staircase to the Ecumenical Temple.
  5232 | D:7      | Noticed Harold
  5455 | D:7      | Killed Harold
  5456 | D:7      | Reached skill level 11 in Axes
  5647 | D:8      | Found a radiant altar of Vehumet.
  6651 | D:9      | Found a glowing silver altar of Zin.
  6651 | D:9      | Found a burning altar of Makhleb.
  6652 | D:9      | Noticed an Executioner
  6652 | D:9      | Noticed an angel
  6902 | D:9      | Reached skill level 12 in Axes
  7110 | D:9      | Found an iron altar of Okawaru.
  7230 | D:9      | Found a staircase to the Lair.
  7508 | D:10     | Entered Level 10 of the Dungeon
  7544 | D:10     | Noticed Nergalle
  7578 | D:10     | Killed Nergalle
  7579 | D:10     | Reached XP level 11. HP: 40/98 MP: 6/6
  7641 | D:10     | Found Bongikk's Antique Armour Boutique.
  8005 | D:11     | Noticed a two-headed ogre
  8021 | D:11     | Killed a two-headed ogre
  8067 | D:11     | Found Susch's Antique Weapon Emporium.
  8070 | D:11     | Bought a crystal broad axe for 288 gold pieces
  8070 | D:11     | Identified the +5 broad axe "Vaij Fedgh" {antimagic, Int+7}
                  | (You bought it in a shop on level 11 of the Dungeon)
  8165 | D:11     | Noticed Grum
  8194 | D:11     | Killed Grum
  8239 | D:11     | Identified the ring "Fichafep" {rF+ MP+9 Slay-6 SInv}
  8277 | D:11     | Noticed a cyan ugly thing
  8286 | D:11     | Killed a cyan ugly thing
  8497 | D:11     | Noticed an eight-headed hydra
  8620 | D:10     | Noticed Psyche
  8629 | D:10     | Killed Psyche
  8889 | D:11     | HP: 5/150 [15-headed hydra (9)]
  8891 | D:11     | Killed a 16-headed hydra
  9088 | D:12     | Reached skill level 10 in Armour
  9134 | D:12     | HP: 1/100 [something (6)]
  9150 | D:12     | Gained mutation: A frigid envelope surrounds you and
                  | freezes all who hurt you. [potion of mutation]
  9150 | D:12     | Gained mutation: You are dopey. (Int -2) [potion of
                  | mutation]
  9150 | D:12     | Gained mutation: Your movements are slightly less
                  | encumbered by armour. (ER -2) [potion of mutation]
  9153 | D:12     | HP: 7/225 [vampire mosquito (5)]
  9171 | D:12     | Reached skill level 13 in Axes
  9171 | D:12     | Reached skill level 10 in Shields
  9189 | D:12     | Noticed a wolf spider
  9195 | D:12     | Slain by a wolf spider

Illustrated notes

Levels and vault maps discovered:
D:1:      minmay_arrival_diagonal_passages, layout_rooms,
          ebering_ecumenical_altar_rust, chequers_serial_rivers_marsh
D:2:      layout_basic, serial_forest, infiniplex_forest_diagonal,
          infiniplex_forest_lined_3, infiniplex_forest_clump_cross,
          infiniplex_forest_clump_tiny, infiniplex_forest_lined_2,
          infiniplex_forest_clump_small, infiniplex_forest_end_1,
          infiniplex_forest_straight_3, uniq_natasha
D:3:      layout_rooms
D:4:      layout_rooms, mainiacjoe_overflow_catch_the_wave, uniq_duvessa,
          uniq_sigmund, uniq_pikel, uniq_robin
D:5:      wad_crossroads, layout_basic, gammafunk_ghost_gnarly_gnolls,
          minmay_misc_feat_encased, chequers_serial_rivers_micro_d,
          minmay_fountain_box, nicolae_concentric_dashed_squares_mild
D:6:      layout_basic, lemuel_round_altar, palyth_stone_intersect
D:7:      layout_basic, nicolae_overflow_hallway_of_the_gods,
          nzn_wu_jian_contemplation, temple_fountains,
          chequers_serial_rivers_micro_e, kennysheep_donut, uniq_harold
D:8:      layout_loops_ring, mainiacjoe_overflow_catwalk,
          hellmonk_bongcloud_opening, kennysheep_nondescript,
          kennysheep_small_spiral
D:9:      layout_stronghold, grunt_temple_overflow_order_and_chaos_2,
          kennysheep_little_box, lair_entry_dummy
D:10:     layout_basic, serial_shops, shop_fountains, uniq_psyche, uniq_nergalle
D:11:     layout_roguey, serial_shops, kennysheep_mini, hex_tiny,
          hangedman_corner_corridor, uniq_grum
D:12:     layout_basic, orc_0_dummy, special_room [special_room_orc],
          mikee_hates_you

Skill      XL: |  1  2  3  4  5  6  7  8  9 10 11 |
---------------+----------------------------------+-----
Fighting       | 3 4 5 6 7 |  7.4
Axes           | 4 5 6 8 9 10 12 13 | 13.0
Armour         | 3 5 6 7 8 10 | 10.4
Dodging        | 3 |  3.5
Shields        | 2 5 8 10 | 10.0
Stealth        | 1 |  1.9
Evocations     | |  0.2

Action                   |  1- 3 |  4- 6 |  7- 9 | 10-12 || total
-------------------------+-------+-------+-------+-------++-------
Melee: Hand axe          |    84 |       |       |       ||    84
       War axe           |    21 |   174 |   473 |   472 ||  1140
       Broad axe         |       |       |       |    68 ||    68
Invok: Trog's Hand       |     1 |     4 |    18 |    25 ||    48
       Berserk           |     1 |       |     2 |     5 ||     8
 Abil: Heal Wounds       |       |       |     9 |    17 ||    26
Evoke: Wand              |       |       |       |     2 ||     2
  Use: Potion            |       |     5 |     7 |    10 ||    22
       Scroll            |       |       |     4 |     4 ||     8
 Stab: Invisible         |       |       |       |     1 ||     1
Armor: Animal skin       |     9 |       |       |       ||     9
       Chain mail        |    47 |    97 |   156 |       ||   300
       Skin              |       |    36 |       |     9 ||    45
       Plate armour      |       |       |    45 |   408 ||   453
Dodge: Dodged            |    58 |    54 |   142 |   137 ||   391
Block: Tower shield      |       |       |    45 |       ||    45
       Buckler           |       |       |   113 |   313 ||   426
       Reflection        |       |       |       |     5 ||     5

Table legend: (Time is in decaauts)
 A = Elapsed time spent in this place.
 B = Non-inter-level travel time spent in this place.
 C = Inter-level travel time spent in this place.
 D = Time resting spent in this place.
 E = Time spent auto-exploring this place.
 F = Levels seen in this place.
 G = Mean time per level.
                   A        B        C        D        E       F      G
               +--------+--------+--------+--------+--------+-----+--------+
         Total |   9366 |   8847 |    519 |      0 |   5654 |  12 |  780.5 |
       Dungeon |   9366 |   8847 |    519 |      0 |   5654 |  12 |  780.5 |
               +--------+--------+--------+--------+--------+-----+--------+

Top non-repeatable levels by time:
     D:9: 1089 daAuts
     D:5: 1080 daAuts
     D:4: 998 daAuts
     D:7: 994 daAuts
     D:8: 875 daAuts
     D:2: 851 daAuts
    D:11: 823 daAuts
     D:6: 773 daAuts
    D:10: 736 daAuts
     D:1: 539 daAuts
     D:3: 471 daAuts
    D:12: 134 daAuts
